 Seeded DCSS version 0.29.1-2-gbd0b4ee654 (webtiles) character file.

Game seed: 20221024 (custom seed)

210 Nerdsrcool the Ogre Mage (level 5, -11/48 HPs)
             Began as an Ogre Hedge Wizard on Oct 25, 2022.
             Killed from afar by a steam dragon (24 damage)
             ... with a ball of steam
             ... on level 4 of the Dungeon.
             The game lasted 00:17:10 (4608 turns).

Nerdsrcool the Ogre Mage (Ogre Hedge Wizard)        Turns: 4608, Time: 00:17:15

Health: -11/48     AC:  3    Str: 14    XL:     5   Next: 87%
Magic:  11/12      EV: 10    Int: 22    God:
Gold:   232        SH:  0    Dex: 11    Spells: 13/14 levels left

rFire   x . .      SeeInvis +   f - +4 lajatang (speed)
rCold   . . .      Faith    .   (shield currently unavailable)
rNeg    . . .      Spirit   .   b - +0 robe
rPois   +          Reflect  .   c - +0 hat
rElec   +          Harm     .   (no cloak)
rCorr   .          Rampage  .   (gloves unavailable)
Will    .....                   (boots unavailable)
Stlth   ++........              v - amulet of magic regeneration
HPRegen 0.16/turn               x - ring "Etzyo" {Wiz Int+5 Dex+3}
MPRegen 0.53/turn               E - ring of Sulef {+Blink rElec rPois rF- SInv}

@: no status effects
A: large, unfitting armour, tough skin 1
a: Evoke Blink


You were on level 4 of the Dungeon.
You visited 1 branch of the dungeon, and saw 4 of its levels.

You collected 232 gold pieces.

Inventory:

Hand Weapons
 a - a +0 dagger
 f - a +4 lajatang of speed (weapon)
 o - a +0 club
 s - a +0 dagger of venom
Missiles
 g - 12 poisoned darts
 j - 9 boomerangs
Armour
 b - a +0 robe (worn)
 c - a +0 hat (worn)
 m - an orb of light
 K - the +1 leather armour of the Evil One {rC+ Int+5}
   (You found it on level 4 of the Dungeon)

   Int:       It affects your intelligence (+5).
   rC:        It protects you from cold.
Jewellery
 v - an amulet of magic regeneration (around neck)
 x - the ring "Etzyo" (left hand) {Wiz Int+5 Dex+3}
   (You acquired it on level 2 of the Dungeon)

   [ring of wizardry]

   It improves your spell success rate.
   Int:       It affects your intelligence (+5).
   Dex:       It affects your dexterity (+3).
 D - an amulet of faith
 E - the ring of Sulef (right hand) {+Blink rElec rPois rF- SInv}
   (You acquired it on level 3 of the Dungeon)

   [ring of see invisible]

   rF:        It makes you vulnerable to fire.
   rElec:     It insulates you from electricity.
   rPois:     It protects you from poison.
   SInv:      It lets you see invisible.
   +Blink:    It lets you blink.
Wands
 F - a wand of light (4)
 H - a wand of flame (17)
 J - a wand of roots (1)
Scrolls
 e - 2 scrolls of noise
 p - a scroll of identify {unknown}
 r - a scroll of blinking {unknown}
 t - 2 scrolls of magic mapping {unknown}
 u - a scroll of torment
 w - a scroll of enchant armour {unknown}
 y - a scroll of immolation {unknown}
 z - a scroll of fear {unknown}
 B - 2 scrolls of vulnerability {unknown}
 C - a scroll of teleportation {unknown}
Potions
 d - a potion of magic
 h - a potion of ambrosia {unknown}
 i - 2 potions of heal wounds {unknown}
 k - a potion of invisibility
 l - a potion of attraction {unknown}
 n - 3 potions of curing
 q - a potion of flight {unknown}
 A - a potion of haste {unknown}
 G - 2 potions of mutation {unknown}
 I - a potion of lignification {unknown}


   Skills:
 + Level 1.0 Fighting
 + Level 0.4(0.8) Maces & Flails
 + Level 1.1(1.2) Staves
 + Level 2.8 Dodging
 + Level 1.8 Stealth
 + Level 5.2 Spellcasting
 + Level 2.3 Conjurations
 + Level 0.8 Summonings
 + Level 0.8 Translocations


You had 13 spell levels left.
You knew the following spells:

 Your Spells              Type           Power      Damage    Failure   Level
a - Magic Dart            Conj           60%        1d6       1%          1

Your spell library contained the following spells:

 Spells                   Type           Power      Damage    Failure   Level
 Slow                     Hex            20%        N/A       4%          1
 Blink                    Tloc           18%        N/A       4%          2
 Call Imp                 Summ           9%         N/A       4%          2
 Conjure Flame            Conj/Fire      10%        6-21      8%          3
 Mephitic Cloud           Conj/Pois/Air  9%         N/A       9%          3


Dungeon Overview and Level Annotations

Branches:
Dungeon (4/15)
 Temple: D:4-7

Altars:
Dithmenos
Gozag
Yredelemnul

Shops:
D:3 *

Annotations:
D:4 Nerdsrcool's ghost, amateur MiGl


Innate Abilities, Weirdness & Mutations

You are too large for most types of armour.
You have tough skin. (AC +1)


Message History

The steam dragon breathes steam at something.
The steam dragon breathes steam at something.
You are too injured to fight recklessly!
Aiming: Magic Dart (safe; 1% risk of failure)
Press: ? - help, Q - select action, (/) - cycle Shift-Dir - straight line, f/p - steam dragon
Aim: a steam dragon (steam, moderately wounded, unable to see you, 100% to hit)
The magic dart hits the steam dragon.
The steam dragon is heavily wounded.
You are too injured to fight recklessly!
Aiming: Magic Dart (safe; 1% risk of failure)
Press: ? - help, Q - select action, (/) - cycle Shift-Dir - straight line, f/p - steam dragon
Aim: a steam dragon (heavily wounded, unable to see you, 100% to hit)
The magic dart hits the steam dragon.
The steam dragon is heavily wounded.
You flicker for a moment.
There is a stone staircase leading up here.
You climb upwards.
There is a stone staircase leading down here.
You start resting.
You flicker back into view.
You start resting.
HP restored.
There is a stone staircase leading down here.
You climb downwards.
Level annotation: Nerdsrcool's ghost, amateur MiGl Nerdsrcool's ghost turns its malevolent gaze towards you.
The steam dragon breathes steam at you. The ball of steam hits you!!
The steam scalds you terribly!
There is a stone staircase leading up here.
The magic dart hits Nerdsrcool's ghost.
Nerdsrcool's ghost is lightly damaged.
You are engulfed in a cloud of scalding steam.
The magic dart hits Nerdsrcool's ghost but does no damage.
Nerdsrcool's ghost is lightly damaged.
You are engulfed in a cloud of scalding steam.
* * * LOW HITPOINT WARNING * * *
The steam dragon breathes steam at you. The ball of steam hits you!!
The steam scalds you terribly!
Ouch! That really hurt!
You die...

#.##.....####
#..........########
######......###..........#
########.....##..........#
.................#...#####
....######...##.........#####
....#
######.##.##.......#####
.W..#
######.##.###...##......
....###
#......§...####.........
......####....§§@##.##
####......
....#D..##..W§§§.##..#
#######
#######...D......##..###
####.......##....#
#.......##....#
#.......##....#
#.......##....#
##########....# ##...#


There were no monsters in sight!

Vanquished Creatures
  A scorpion (D:4)
  Ijyb (D:3)
  An iguana (D:4)
  3 adders
  A worm (D:3)
  An orc (D:3)
  5 bats
  3 endoplasms
  12 giant cockroaches
  6 goblins
  6 hobgoblins
  7 kobolds
  2 quokkas
  9 ball pythons
  A frilled lizard (D:1)
  5 rats
64 creatures vanquished.

Vanquished Creatures (others)
  A quokka (D:4)
1 creature vanquished.

Grand Total: 65 creatures vanquished

Notes
Turn   | Place    | Note
-------+----------+-------------------------------------------
     0 | D:1      | Nerdsrcool the Ogre Hedge Wizard began the quest for the
                  | Orb.
     0 | D:1      | Reached XP level 1. HP: 16/16 MP: 5/5
   131 | D:1      | Reached skill level 1 in Conjurations
   277 | D:1      | Reached XP level 2. HP: 24/24 MP: 2/6
   318 | D:1      | Reached skill level 4 in Spellcasting
  1172 | D:2      | Reached XP level 3. HP: 31/31 MP: 6/8
  1225 | D:2      | Found a basalt altar of Yredelemnul.
  2191 | D:2      | Identified 2 scrolls of acquirement
  2191 | D:2      | Acquired the ring "Etzyo" {Wiz Int+5 Dex+3}
  2194 | D:2      | Acquired a +4 lajatang of speed
  2558 | D:2      | Found a faded altar of an unknown god.
  2646 | D:3      | Found Eromahec's Assorted Antiques.
  2679 | D:3      | Reached XP level 4. HP: 39/39 MP: 8/10
  2730 | D:3      | Found a shadowy altar of Dithmenos.
  3311 | D:3      | Noticed Ijyb
  3322 | D:3      | Killed Ijyb
  3741 | D:3      | Acquired the ring of Sulef {+Blink rElec rPois rF- SInv}
  3765 | D:4      | Reached XP level 5. HP: 46/46 MP: 9/12
  3781 | D:4      | Reached skill level 1 in Staves
  3781 | D:4      | Reached skill level 5 in Spellcasting
  4000 | D:4      | Found a runed translucent gate.
  4002 | D:4      | Found a runed translucent gate.
  4003 | D:4      | Found a runed translucent gate.
  4004 | D:4      | Found an opulent altar of Gozag.
  4005 | D:4      | Noticed Nerdsrcool's ghost (amateur MiGl)
  4005 | D:4      | Noticed a steam dragon
  4085 | D:4      | Reached skill level 1 in Fighting
  4272 | D:4      | Identified the +1 leather armour of the Evil One {rC+
                  | Int+5}
  4608 | D:4      | Killed from afar by a steam dragon

Illustrated notes

Levels and vault maps discovered:
D:1:      psy_arrival_whirlpool, layout_rooms, minmay_pentomino_v4
D:2:      minmay_roachtagon, layout_loops_cross, basic_altar,
          hellmonk_ecumenical_altar_inner_sanctum
D:3:      layout_basic, nicolae_dithmenos_shadow_blocks, serial_shops,
          shop_coins, minmay_misc_feat_plants, minmay_misc_feat_ornament,
          uniq_ijyb
D:4:      layout_rooms, ebering_ghost_gozag

Skill      XL: |  1  2  3  4  5 |
---------------+----------------+-----
Conjurations   | 1 2 |  2.3
Spellcasting   | 4 5 |  5.2
Dodging        | 2 |  2.8
Staves         | 1 |  1.1
Fighting       | 1 |  1.0
Maces & Flails | |  0.4
Stealth        | |  1.8
Summonings     | |  0.8
Translocations | |  0.8

Action                   |  1- 3 |  4- 6 || total
-------------------------+-------+-------++-------
Melee: Dagger            |     2 |       ||     2
       Club              |    45 |       ||    45
       Lajatang          |       |    15 ||    15
 Cast: Magic Dart        |   117 |    60 ||   177
Evoke: Wand              |       |     2 ||     2
  Use: Scroll            |     4 |     1 ||     5
       Potion            |     2 |     2 ||     4
Armor: Robe              |    59 |     4 ||    63
Dodge: Dodged            |    67 |    11 ||    78
